[Event "Charlotte IM-D May 2022"]
[Site "Charlotte"]
[Date "2022.05.05"]
[Round "1.1"]
[White "Rodriguez Rivera, Pedro"]
[Black "Rosenberg, Evan S"]
[Result "1-0"]
[ECO "D05"]
[WhiteElo "2197"]
[BlackElo "2035"]
[Annotator "TA"]
[PlyCount "105"]
[EventDate "2022.05.04"]
[EventType "tourn"]
[EventCountry "USA"]
[SourceTitle "playchess.com"]
[Source "ChessBase"]
[SourceQuality "1"]
[TimeControl "5400+30"]

1. d4 Nf6 2. Nf3 e6 3. e3 b6 4. Bd3 Bb7 5. Nbd2 d5 6. Ne5 Bd6 7. O-O O-O {[%emt 0:00:00] D05: Colle System with ...e6.} 8. f4 Ne4 {[%emt 0:00:00] has lost popularity (8...c5).} 9. Nxe4 dxe4 {[%emt 0:00:00] The position is equal.} 10. Bc4 c5 11. c3 {[%emt 0:00:00] [#]} Qc7 $146 ({Predecessor:} 11... Nc6 12. Qe2 Qe7 13. Bd2 Rac8 14. Be1 Na5 15. Bb5 f6 16. Nc4 Nxc4 17. Bxc4 cxd4 18. cxd4 {0-1 (76) Norowitz,Y (2420)-Zhigalko,S (2572) Chess.com INT 2021}) 12. Qe2 Rc8 {[%emt 0:00:00] aiming for ...cxd4.} 13. b3 Nc6 14. Nxc6 Bxc6 (14... Qxc6 {feels hotter.} 15. f5 exf5 16. Rxf5 Rf8) 15. Bb2 Rcb8 {[%emt 0:00:00] Hoping for ...b5.} 16. a4 {[%emt 0:00:00] Prevents b5.} cxd4 17. cxd4 Qd7 18. Qg4 Bf8 19. f5 Bd5 20. fxe6 (20. Ba3 $5 exf5 21. Qxf5 (21. Rxf5 Bxc4 22. bxc4 g6 $17) 21... Qxf5 22. Rxf5 Bxc4 23. bxc4 $14) 20... Qxe6 21. Qxe6 fxe6 22. Ba3 Bxa3 23. Rxa3 Rc8 24. a5 b5 25. Bxb5 Rc3 {[%emt 0:00:00][%csl LRb3,LRe3] Inhibits Bc4.} 26. Re1 Rb8 27. Ba4 Bc4 28. Ra2 Bb5 29. Kf2 Rf8+ {[%emt 0:00:32] [#]} (29... g5 $11 {keeps the balance.}) 30. Kg3 $1 $16 Bxa4 31. bxa4 $14 {[%emt 0:00:00][%mdl 4096] Endgame KRR-KRR} Rf5 32. Rb2 Rxa5 33. Kf4 Rxa4 34. Kxe4 Raa3 35. Rb7 (35. Rb8+ $142 Kf7 36. Rf1+ Kg6 37. Rf3) 35... h6 36. Re2 {[%emt 0:01:00] Against Rc2} Kh7 (36... a5 $16 {was necessary.}) 37. Re7 $18 Rc6 38. Rf2 Ra5 $2 {[%emt 0:01:16] [#]} (38... e5 39. Rxe5 Rcc3) 39. h4 $1 Rf5 $2 (39... Rc8 40. Rff7 (40. Rxe6 Ra1 $18) 40... Rg8 41. Rxa7 Rh5) 40. Rxf5 exf5+ 41. Kxf5 {[%emt 0:00:00] KR-KR} Rf6+ 42. Kg4 Rf2 43. Kg3 Ra2 44. h5 a5 45. Ra7 {[%emt 0:00:00] And now d5 would win.} a4 46. d5 a3 47. e4 {[%emt 0:00:00][%cal Be3e4,Be4e5][%mdl 32] Black must now prevent d6.} Kg8 48. d6 {[%emt 0:00:00] d7 would kill now.} Rd2 49. e5 a2 50. Kf4 Kf8 51. Kf5 {[%emt 0:00:00] White mates.} Kg8 52. Ke6 g6 53. d7 {[%emt 0:07:00] Weighted Error Value: White=0.10 (very precise) /Black=0.44} 1-0

[Event "Charlotte IM-D May 2022"]
[Site "Charlotte"]
[Date "2022.05.05"]
[Round "1.3"]
[White "Chen, Ryo"]
[Black "Woodward, Andy"]
[Result "0-1"]
[ECO "B93"]
[WhiteElo "2265"]
[BlackElo "2354"]
[Annotator "TA"]
[PlyCount "70"]
[EventDate "2022.05.04"]
[EventType "tourn"]
[EventCountry "USA"]
[SourceTitle "playchess.com"]
[Source "ChessBase"]
[SourceQuality "1"]
[TimeControl "5400+30"]

1. e4 c5 2. Nf3 d6 3. d4 cxd4 4. Nxd4 Nf6 5. Nc3 a6 6. f4 e5 7. Nf3 Nbd7 8. a4 Be7 9. Bc4 O-O 10. O-O b6 11. Qe2 Bb7 {[%emt 0:02:02] B93: Sicilian Najdorf: 6 f4.} 12. Kh1 Nc5 13. fxe5 Nfxe4 {[%emt 0:01:42] [#] The position is equal.} 14. Nxe4 $146 ({Predecessor:} 14. Nd5 dxe5 15. Rd1 b5 16. axb5 axb5 17. Rxa8 Bxa8 18. Ba2 Bf6 19. Be3 Qa5 20. Nxf6+ gxf6 21. Bb1 Kh8 22. c3 Qc7 23. Qxb5 Rg8 24. Qc4 Qb7 25. Bxc5 Nxc5 26. Qh4 {1-0 (26) Tseshkovsky,V (2543)-Panarin,M (2424) Krasnodar 2004}) 14... Nxe4 15. Rd1 Qc7 16. Bd5 {[%emt 0:01:43] Threatens to win with Qxe4.} Bxd5 17. Rxd5 Nc5 18. Bf4 dxe5 19. Bxe5 Qc6 20. Rad1 ({White should play} 20. c4 $11 Rfe8 21. Nd4) 20... Rfe8 $1 $15 21. Qc4 Qg6 22. R5d4 h5 {[%emt 0:01:28] Against Rg4} 23. h3 {[%emt 0:06:26] [#]} (23. Re1 $11) 23... Rac8 $1 $17 {[%emt 0:01:20] aiming for ...Ne6.} 24. Qd5 ({White should try} 24. Qe2) 24... Ne6 25. R4d2 Rxc2 26. Qd7 Rcc8 27. Kh2 {[%emt 0:00:00] [#]} (27. Bd6 $17 Bg5 28. Nxg5 Nxg5 29. Bc7) 27... Nc5 $1 $19 28. Qd5 Bg5 (28... Nxa4 $19 {has better winning chances.} 29. Re2 Rcd8) 29. Nxg5 $17 Qxg5 30. Bd6 (30. Bg3 $17 {is a better defense.} Qxd5 31. Rxd5) 30... Qxd5 $19 31. Rxd5 Nxa4 32. Rxh5 (32. Ra1 $142 Nxb2 33. Rxa6) 32... Nxb2 33. Rd4 Nc4 34. Be7 Ne3 {[%emt 0:00:59] ...f6 is the strong threat.} ({And not} 34... Rxe7 35. Rdh4 f6 36. Rh8+ Kf7 37. Rxc8 $11) 35. Re4 $2 (35. Rd7) 35... Nf1+ {[%emt 0:00:04] Weighted Error Value: White=0.60/Black=0.12 (very precise)} 0-1

[Event "Charlotte IM-D May 2022"]
[Site "Charlotte"]
[Date "2022.05.05"]
[Round "1.4"]
[White "Kanli, Alperen"]
[Black "Nakada, Akira"]
[Result "0-1"]
[ECO "E20"]
[WhiteElo "2173"]
[BlackElo "2324"]
[Annotator "TA"]
[PlyCount "70"]
[EventDate "2022.05.04"]
[EventType "tourn"]
[EventCountry "USA"]
[SourceTitle "playchess.com"]
[Source "ChessBase"]
[SourceQuality "1"]
[TimeControl "5400+30"]

1. d4 Nf6 2. c4 e6 3. Nc3 Bb4 4. f3 c5 5. d5 b5 6. e4 {[%emt 0:00:12] E20: Nimzo-Indian: 4 g3 and 4 f3.} d6 $1 {[%emt 0:00:04][%mdl 4] now scores much better than the old 6...bxc4.} 7. Nge2 bxc4 {[%emt 0:00:11] Threatening ...exd5.} 8. Nf4 {[%emt 0:00:05] The position is equal.} e5 9. Nfe2 Nbd7 10. Ng3 Nb6 $36 {[%emt 0:00:03][%mdl 2048] White is under pressure.} 11. Be2 Ng8 12. O-O Ne7 13. f4 exf4 14. Bxf4 {[%emt 0:00:27] Threatens to win with Qc1.} Ng6 {[%emt 0:00:04] [#]} 15. Nh5 $146 (15. Qc1 $15 Bxc3 16. Qxc3 Nxf4 17. Rxf4 (17. Qxg7 Nxe2+ 18. Nxe2 Rf8 $17)) ({Predecessor:} 15. Be3 O-O 16. Qd2 Re8 17. Rf2 Bd7 18. Raf1 f6 19. Nf5 Bxf5 20. exf5 Ne7 21. Bf4 Nxf5 {0-1 (46) Pantzar,M (2421)-Wagner,D (2581) Chess.com INT 2021}) 15... Bxc3 16. bxc3 Nxf4 17. Rxf4 O-O 18. Qe1 {[%emt 0:02:20] Strongly threatening Qg3.} Qg5 19. Qf2 Rb8 20. Rf1 {[%emt 0:13:46][%cal Rf4f7] [#]} Rb7 21. Bd1 f6 22. Ng3 Qe5 23. Qf3 Bd7 24. Nf5 Bxf5 25. Rxf5 {[%emt 0:00:08] [#]} Qe7 (25... Qe8 $1 $17 {...Nd7 is the strong threat.} 26. Qe2 Qe7) 26. g4 $2 {[%emt 0:07:45] Now White is beyond hope.} (26. e5 $1 $15) 26... Nd7 $19 27. Ba4 (27. g5 $142) 27... Ne5 28. Qg3 Nf7 {[%emt 0:03:49] Against g5} 29. Bc2 Rb2 30. R1f2 (30. R5f2 {was worth a try.} Rfb8 31. a4) 30... Rfb8 31. g5 {[%emt 0:00:57] [#]} (31. a4 $142) 31... Rxc2 $1 {[%emt 0:02:50][%mdl 512] Black is clearly winning.} 32. Rxc2 {[%emt 0:00:20] aiming for gxf6.} (32. gxf6 Rc1+) 32... Qxe4 33. gxf6 g6 34. Rcf2 Rb1+ 35. Rf1 Qxf5 {Weighted Error Value: White=0.67/Black=0.09 (flawless)} 0-1

[Event "Charlotte IM-D May 2022"]
[Site "Charlotte"]
[Date "2022.05.05"]
[Round "2.1"]
[White "Rosenberg, Evan S"]
[Black "Matros, Alexander"]
[Result "0-1"]
[ECO "A46"]
[WhiteElo "2035"]
[BlackElo "2339"]
[Annotator "TA"]
[PlyCount "56"]
[EventDate "2022.05.04"]
[EventType "tourn"]
[EventCountry "USA"]
[SourceTitle "playchess.com"]
[Source "ChessBase"]
[SourceQuality "1"]
[TimeControl "5400+30"]

1. d4 {[%emt 0:00:00] ChessBase Website} Nf6 2. Nf3 e6 3. g3 d5 4. Bg2 b5 5. a4 b4 6. a5 {A46: 1 d4 Nf6 2 Nf3 e6: Torre, London and Colle Systems.} c5 7. O-O Nc6 8. c4 {The position is equal.} bxc3 9. Nxc3 Ba6 {[%emt 0:00:00] [#]} (9... Rb8 $11 {remains equal.}) 10. dxc5 $146 ({White should try} 10. Ne5 $16 Nxe5 11. dxe5) ({Predecessor:} 10. Bg5 Rc8 11. Qa4 Qd7 12. dxc5 Bxc5 13. Rfc1 Nb4 14. Ne5 Qxa4 15. Nxa4 Bd6 16. Rxc8+ Bxc8 {½-½ (53) Hou,Y (2618)-Kosteniuk,A (2527) Khanty-Mansiysk 2014 CBM 160 [ChessBase Website]}) 10... Bxc5 $11 11. Qa4 Qd7 12. Bg5 {[%emt 0:00:30] aiming for Bxf6.} Be7 ({Black should play} 12... Nb4 $11) 13. Rfc1 (13. Rfd1 $1 $14) 13... Nb4 $1 14. Bxf6 (14. Nd4 $11) 14... Qxa4 $15 15. Rxa4 gxf6 16. Nd4 Rb8 {[%emt 0:00:00] Against Ncb5} 17. Bf3 Kd7 18. Rd1 f5 {[%emt 0:02:00] Inhibits e4.} 19. Bh5 Rhf8 20. e4 $2 {[%emt 0:02:00][%mdl 8192] [#] This costs White the game.} (20. h3 $17) 20... fxe4 $19 21. Bg4 f5 22. Bh3 (22. Nxf5 {was worth a try.} exf5 23. Nxd5 Nxd5 24. Rxd5+ Kc6 25. Rxf5) 22... Nd3 {[%emt 0:00:00] Black is clearly winning.} 23. Nxd5 exd5 24. Nxf5 Bc5 25. Nd4+ Kd6 26. Nf5+ Ke5 27. Ne3 Bxe3 28. fxe3 Nxb2 {[%emt 0:00:00] Weighted Error Value: White=1.16/Black=0.20 (precise)} 0-1

[Event "Charlotte IM-D May 2022"]
[Site "Charlotte"]
[Date "2022.05.05"]
[Round "2.2"]
[White "Nakada, Akira"]
[Black "Zaloznyy, Mike"]
[Result "1-0"]
[ECO "A50"]
[WhiteElo "2324"]
[BlackElo "2125"]
[Annotator "TA"]
[PlyCount "67"]
[EventDate "2022.05.04"]
[EventType "tourn"]
[EventCountry "USA"]
[SourceTitle "playchess.com"]
[Source "ChessBase"]
[SourceQuality "1"]
[TimeControl "5400+30"]

1. c4 b6 2. Nc3 Bb7 3. d4 Nf6 4. Qc2 d5 5. cxd5 Nxd5 6. Nf3 e6 7. e4 {[%emt 0:00:04] A50: Queen's Fianchetto Defence (1 d4 Nf6 2 c4 b6).} Nxc3 8. bxc3 Be7 9. Bb5+ {[%emt 0:00:08] The position is equal.} c6 10. Bd3 c5 11. O-O cxd4 12. cxd4 O-O 13. Bb2 $36 {[%emt 0:00:04][%mdl 2048] White fights for an advantage.} Nd7 14. Rad1 Rc8 15. Qe2 {[%emt 0:02:52] [#]} Bb4 $146 ({Predecessor:} 15... Bd6 16. h4 h6 17. Rfe1 Qe7 18. Qe3 e5 19. Bb5 Bc6 20. Ba6 Rcd8 21. dxe5 Nxe5 22. Qc3 Nxf3+ 23. gxf3 {0-1 (44) Tarjan,J (2455)-Wieczorek,O (2435) Chess.com INT 2016}) 16. h4 Nf6 {[%emt 0:14:46] [#]} (16... Qe7 $11 {remains equal.}) 17. d5 $1 $16 exd5 18. e5 Re8 19. Bf5 Rc4 {[%emt 0:00:00] [#] A mistake that costs the game.} (19... Qe7 $16) 20. Qxc4 $1 $18 dxc4 21. Rxd8 Rxd8 22. exf6 c3 {[%emt 0:00:00] [#]} 23. Ba1 Ba6 (23... Bxf3 $142 24. gxf3 gxf6) 24. Rc1 (24. Rb1 gxf6 25. Rxb4 Rd1+ 26. Kh2 Rxa1 $18) 24... Ba3 25. Re1 ({Inferior is} 25. Rxc3 Rd1+ 26. Kh2 Bd6+ 27. g3 Rxa1 $17) 25... Bb4 26. a3 Ba5 27. Re3 ({Much less strong is} 27. fxg7 Bb7 28. Bc2 Bxf3 $18) 27... gxf6 28. Bxc3 Rd5 $2 {[%emt 0:00:22] [#]} (28... Bxc3 29. Rxc3 Rd5) 29. Bxf6 $1 Bb5 {[%emt 0:00:37] Inhibits Re8+.} (29... Rd1+ 30. Kh2) 30. Nd4 {[%emt 0:01:38] Threatening mate with Rg3+.} Bd2 31. Rg3+ Kf8 32. Bxh7 {[%emt 0:00:15][%csl Gh7][%cal Rg3g8] White is clearly winning.} Ke8 33. Rg8+ Kd7 34. Rd8+ {[%emt 0:00:03] Weighted Error Value: White=0.03 (flawless) /Black=0.61} 1-0

[Event "Charlotte IM-D May 2022"]
[Site "Charlotte"]
[Date "2022.05.05"]
[Round "2.3"]
[White "Woodward, Andy"]
[Black "Kanli, Alperen"]
[Result "1-0"]
[ECO "D20"]
[WhiteElo "2354"]
[BlackElo "2173"]
[Annotator "TA"]
[PlyCount "55"]
[EventDate "2022.05.04"]
[EventType "tourn"]
[EventCountry "USA"]
[SourceTitle "playchess.com"]
[Source "ChessBase"]
[SourceQuality "1"]
[TimeControl "5400+30"]

1. d4 d5 2. c4 dxc4 3. e4 e5 4. Nf3 exd4 5. Bxc4 Nc6 6. O-O Be6 7. Bb5 Bc5 8. b4 {[%emt 0:00:29] D20: Queen's Gambit Accepted: 3 e3 and 3 e4.} Bb6 $1 9. a4 a6 10. Bxc6+ {[%emt 0:00:14] White is slightly better.} bxc6 11. a5 {[%emt 0:00:27] 11.a5 has become a bit dusty these days.} Ba7 12. Bb2 Bg4 13. Qc2 $36 {[%emt 0:05:58][%mdl 2048] Black is under pressure.} Bxf3 14. Qxc6+ Kf8 15. gxf3 {[%emt 0:00:07] [#] Hoping for Rc1.} Ne7 $146 ({Predecessor:} 15... h5 16. Bc1 Qc8 17. Bf4 Ne7 18. Qxc7 g5 19. Qxc8+ Rxc8 20. Bd2 g4 21. b5 gxf3 22. bxa6 {1-0 (46) Cade,S (2280)-Vera Cruz Jr,A (2321) ICCF email 2016}) 16. Qxa6 {[%emt 0:03:11] Threatens to win with Rc1. White is much more active. The black rooks are badly placed.} Ng6 {[%emt 0:01:14] [#]} (16... h5 $1 $14) 17. Kh1 $1 $16 Qg5 $2 {[%emt 0:14:27] Prevents Nd2. Loses the game.} (17... h5 $16 {was called for.}) 18. Qb7 $18 Qf4 {[%emt 0:15:07] [#]} (18... Nf4 $142 19. Rg1 (19. Qxa8+ $2 {loses.} Ke7 $19) 19... Qd8) 19. Nd2 $1 {[%emt 0:08:46][%mdl 512] White is clearly winning.} Ke7 {[%emt 0:00:42] And now ...Rhb8 would win.} 20. Ba3 Rhb8 (20... Qxd2 21. b5+ Bc5 22. Bxc5+ Kf6 23. Qc6+ Kg5 24. Rg1+ Kh5 25. Qd5+ Ne5 26. Qxe5+) (20... Kf6 $142 21. Qc6+ Qd6) 21. b5+ Kd8 22. Qd5+ Ke8 {[%emt 0:00:17] [#]} 23. b6 $1 cxb6 {[%emt 0:00:24] [#]} (23... Bxb6 24. Qb5+) 24. axb6 $1 Bxb6 {[%emt 0:00:14] [#]} (24... Rxb6 25. Qxa8+) 25. Bd6 $1 Rxa1 (25... Ra7 26. Bxf4) 26. Bxf4 {[%emt 0:00:07] Threatening mate with Qc6+.} Rxf1+ 27. Nxf1 {[%emt 0:00:03] Black must now prevent Qc6+.} Nxf4 28. Qe5+ {[%emt 0:00:32] Weighted Error Value: White=0.01 (flawless) /Black=0.42} 1-0

[Event "Charlotte IM-D May 2022"]
[Site "Charlotte"]
[Date "2022.05.05"]
[Round "2.4"]
[White "Marek, Matyas"]
[Black "Chen, Ryo"]
[Result "0-1"]
[ECO "B51"]
[WhiteElo "2363"]
[BlackElo "2265"]
[Annotator "TA"]
[PlyCount "82"]
[EventDate "2022.05.04"]
[EventType "tourn"]
[EventCountry "USA"]
[SourceTitle "playchess.com"]
[Source "ChessBase"]
[SourceQuality "1"]
[TimeControl "5400+30"]

1. e4 c5 2. Nf3 d6 3. Bb5+ Nd7 4. a4 Ngf6 5. Nc3 g6 6. O-O {[%emt 0:03:35] B51: Sicilian: Moscow Variation (3 Bb5+) without 3...Bd7.} Bg7 7. a5 a6 8. Ba4 {[%emt 0:04:12] White has an edge.} O-O 9. Bb3 b5 (9... Nb8 $5 ) 10. axb6 $1 Bb7 11. d3 Nxb6 12. Re1 {[%emt 0:05:22] [#]} a5 $146 ({Predecessor:} 12... e6 13. e5 dxe5 14. Nxe5 Nfd5 15. Na4 Nxa4 16. Bxa4 Nb6 17. Qg4 Qd4 18. Qxd4 cxd4 {½-½ (30) Giri,A (2778)-Vachier Lagrave,M (2765) Reykjavik 2015}) 13. Be3 Bc6 14. Ra3 Qc7 15. Qa1 Ra7 16. h3 ({Don't blunder} 16. Rxa5 $2 Rxa5 17. Qxa5 Ra8 $19) 16... Rfa8 17. Ng5 e6 18. f4 a4 19. Ba2 h6 (19... d5 {with more complications.} 20. Bxc5 h6 21. Nf3 dxe4 22. dxe4 Nh5) 20. Nf3 Bf8 21. Qc1 Kh7 22. f5 (22. Bf2 $11 {keeps the balance.}) 22... exf5 (22... gxf5 {keeps more tension.} 23. Rf1 fxe4 24. Nd2 Bg7) 23. exf5 Bxf3 24. fxg6+ (24. Nb5 $1 $15 Qd7 25. Nxa7) 24... fxg6 $17 25. Rf1 {[%emt 0:07:55] [#]} (25. Nb5 $17 {was worth a try.} Qd7 26. Nxa7) 25... Qc6 $1 26. Rxf3 $11 d5 27. Qf1 Bg7 {[%emt 0:00:00] ...d4 is the strong threat.} 28. Bd2 (28. d4 $15 c4 29. Ne2) 28... Re7 $17 29. b3 {[%emt 0:01:14] [#]} (29. Be1 $17 {is a better defense.}) 29... Rae8 $2 ({Black should play} 29... c4 $1 $19 {Strongly threatening ...Qc5+.} 30. b4 d4) 30. bxa4 $15 d4 (30... c4 $5 31. Nb5 Nh5 $11) 31. Ne4 (31. Nb5 $5 ) 31... Nxe4 32. dxe4 {[%emt 0:00:02] Black must now prevent a5.} Qxe4 (32... c4 $1 $15 33. a5 c3 34. axb6 cxd2) 33. Qd3 ({White should try} 33. Bf7 $1 $14 Rd8 34. Rf4) 33... Qc6 $36 {[%emt 0:00:03][%mdl 2048] Hoping for ...c4. Black has good play.} 34. Qb5 Qd6 35. a5 Nd5 {[%emt 0:00:29] And now ...Nc3 would win.} 36. Bxd5 Qxd5 37. Rf2 {[%emt 0:00:33] Against Re2} d3 38. Rxd3 Bd4 39. Kf1 (39. Kh2 $11) 39... Qa2 {[%emt 0:00:32] Black mates.} 40. g4 Qa1+ 41. Kg2 Bxf2 {[%emt 0:00:06] Weighted Error Value: White=0.45/Black=0.25 (precise)} 0-1

[Event "Charlotte IM-D May 2022"]
[Site "Charlotte"]
[Date "2022.05.05"]
[Round "2.5"]
[White "Rodriguez Rivera, Pedro"]
[Black "Wang, Eigen"]
[Result "0-1"]
[ECO "D05"]
[WhiteElo "2197"]
[BlackElo "2269"]
[Annotator "TA"]
[PlyCount "102"]
[EventDate "2022.05.04"]
[EventType "tourn"]
[EventCountry "USA"]
[SourceTitle "playchess.com"]
[Source "ChessBase"]
[SourceQuality "1"]
[TimeControl "5400+30"]

1. d4 Nf6 2. Nf3 d5 3. e3 e6 4. Bd3 c5 5. c3 Be7 6. Nbd2 {[%emt 0:00:48] D05: Colle System with ...e6.} O-O 7. O-O b6 8. e4 {[%emt 1:27:34] The position is equal.} Ba6 9. Bxa6 Nxa6 10. Qe2 {[%emt 0:00:00] Strongly threatening e5.} Nc7 11. Re1 Re8 12. e5 Nd7 13. Nf1 {[%emt 0:00:00][%cal Bd2f1,Bf1g3,Bg3h5][%mdl 32] [#]} b5 $146 ({Predecessor:} 13... c4 14. Be3 b5 15. b4 cxb3 16. axb3 a5 17. Rec1 Nb6 18. Ne1 a4 19. b4 Nc4 {0-1 (43) Lower,S-Root,D (2400) Phoenix 1981}) 14. dxc5 Nxc5 15. Nd4 Qd7 16. Ng3 Rab8 17. Qg4 Kh8 18. Nh5 Rg8 (18... g6 $14) 19. Bg5 (19. Re3 $16) 19... Bxg5 $11 20. Qxg5 Ne4 ({Black should try} 20... b4 $1 $11) 21. Qf4 $1 $14 b4 22. Re3 (22. c4 $11) 22... bxc3 $15 23. bxc3 Nb5 24. Rh3 (24. Nxb5 $15 Qxb5 25. Qxf7) 24... Nxd4 (24... Nexc3 $2 25. Nf6 $1 gxf6 26. Qh4 $18) ({Black should play} 24... Nbxc3 $19 {Hoping for ...Qa4.} 25. Rd3 Qb7) 25. cxd4 Qe7 $36 {[%emt 0:17:57][%mdl 2048] Black has the initiative.} (25... Qa4 $5 26. Ng3 g5 $11) 26. f3 $2 {[%emt 0:00:00] [#]} (26. Rc1 $11) 26... Qb4 $1 $19 27. Qe3 {[%emt 0:00:00] [#]} Qc3 $1 28. Qxc3 Nxc3 29. Kf1 Rb2 30. f4 Rc2 ({Not} 30... Rxa2 31. Rxa2 Nxa2 32. Ra3 $11) (30... Nxa2 31. Ra3 Nb4 32. Rxa7 $17) 31. Rf3 Ne4 {[%emt 0:00:00][%cal Bc3e4,Be4d2,Bd2c4][%mdl 32] Prevents Rf2.} 32. Ra3 (32. Kg1 $142) 32... Rb8 $1 33. Rxa7 {[%emt 0:00:00] [#]} Kg8 (33... g6 $1 $19 {[%cal Rg6h5] is more deadly.} 34. Nf6 Rbb2 35. Ra8+ Kg7 36. Rg8+ Kh6 37. Ng4+ Kh5) 34. Ng3 Nd2+ {[%emt 0:00:00][%mdl 1024] Black has strong compensation.} 35. Ke1 (35. Kg1 $17 {is the only way for White.}) 35... Nc4 36. Ne2 g6 (36... g5 $19 {White must now prevent ...Rbb2.} 37. Kf2 Rbb2) 37. Rc1 $15 Rcb2 38. Kf2 $2 {[%emt 0:00:00][%mdl 8192] [#]} (38. g3 $11 {and White stays safe.}) 38... Rd2 $1 $19 39. Re1 Rbb2 40. a4 Rxd4 41. g3 Rdd2 42. a5 d4 {[%emt 0:00:00][%cal Bd5d4,Bd4d3][%mdl 32] ...d3 is the strong threat.} 43. a6 (43. Rc7 $142 Nxa5 44. Kf3) 43... d3 44. Rb7 Rxe2+ 45. Rxe2 Rxe2+ {[%emt 0:00:04][%mdl 4096] Endgame KRN-KR} 46. Kf3 Nd2+ 47. Kg4 h5+ 48. Kg5 Kg7 49. f5 Rxe5 50. a7 Rxf5+ 51. Kh4 Ra5 {[%emt 0:00:00] Weighted Error Value: White=0.72/Black=0.20 (precise)} 0-1

[Event "Charlotte IM-D May 2022"]
[Site "Charlotte"]
[Date "2022.05.06"]
[Round "3.1"]
[White "Wang, Eigen"]
[Black "Rosenberg, Evan S"]
[Result "1/2-1/2"]
[ECO "D11"]
[WhiteElo "2269"]
[BlackElo "2035"]
[Annotator "TA"]
[PlyCount "118"]
[EventDate "2022.05.04"]
[EventType "tourn"]
[EventCountry "USA"]
[SourceTitle "playchess.com"]
[Source "ChessBase"]
[SourceQuality "1"]
[TimeControl "5400+30"]

1. d4 d5 2. Nf3 Bf5 3. g3 Nf6 4. Bg2 h6 5. O-O e6 6. c4 c6 7. Nc3 Nbd7 8. Nd2 {8.Qb3 deserves study.} Qb6 {[%emt 0:01:00] [#] D11: Slav Defence: 3 Nf3 sidelines and 3...Nf6 4 e3 Bg4.} 9. cxd5 $146 ({Predecessor:} 9. e4 dxe4 10. Ndxe4 Nxe4 11. Nxe4 Bxe4 12. Bxe4 Nf6 13. Bg2 Rd8 14. Be3 Be7 15. Qe2 Qa6 16. Bf3 {½-½ (24) Pessi,J (2087)-Salmelin,A (2027) Finland 2018}) 9... cxd5 10. e4 dxe4 {[%emt 0:00:00] White is slightly better.} 11. Ndxe4 Be7 12. Nxf6+ Nxf6 13. Qa4+ Kf8 14. Qb3 (14. d5 {keeps more tension.} Rd8 15. dxe6 Bc5 16. e7+) 14... Qxb3 15. axb3 a5 16. Bxb7 Ra7 17. Bg2 Bd3 18. Re1 Bb4 19. Re3 Ba6 20. Na2 Bd6 21. Bd2 Ke7 (21... Bb7 $142) 22. Bxa5 {[%emt 0:00:00] Black must now prevent Nb4.} Rb8 {[%emt 0:00:00] Inhibits Nb4.} 23. Nc3 (23. Nc1 $142) 23... Kd7 (23... Kf8 $16 {was worth a try.}) 24. Na4 (24. d5 $1 $18) 24... Bb5 (24... Bb7 $142) 25. Nc5+ Ke8 26. b4 (26. Ree1 $142) 26... Bc4 (26... Kf8 $16) 27. Bc6+ Kf8 28. Rea3 Kg8 29. b3 (29. Rc1 $142 Bd5 30. b5) 29... Bb5 $16 30. Bf3 e5 ({Better is} 30... Nd5 $14) 31. dxe5 $1 $18 Bxe5 32. Rd1 g5 33. Ra2 g4 34. Bg2 h5 35. Rad2 Kg7 36. h4 Re8 (36... gxh3 $142 37. Bxh3 Rh8) 37. Rd8 Rae7 (37... Rxd8 $142 38. Rxd8 (38. Bxd8 Ra2 $16) 38... Nd7 39. Nxd7 Rxd7 40. Rxd7 Bxd7) 38. Rxe8 Rxe8 39. Bf1 Bxf1 40. Kxf1 {[%emt 0:09:19] Strongly threatening b5.} Bc3 41. Rd3 Re1+ 42. Kg2 Rc1 43. Na4 Be1 44. Re3 {Inhibits Ne4.} Nd7 45. Nb2 {[%emt 0:02:30] Prevents Rd1.} Rb1 46. Nd3 Bd2 47. Re2 Bc3 {[%emt 0:00:00] [#]} 48. Nf4 $2 (48. Bc7 $1 $18) 48... Ne5 $1 $11 49. Re3 Nf3 50. Rxf3 ({Not} 50. Nxh5+ $2 Kh6 51. Rxf3 gxf3+ 52. Kxf3 Kxh5 $19) 50... gxf3+ 51. Kxf3 Rxb3 {[%emt 0:00:00][%mdl 4096] Endgame KRB-KBN} 52. Kg2 (52. Nxh5+ Kh6 53. Kg4 f5+ 54. Kxf5 Kxh5 55. g4+ Kxh4 $17) (52. Ke4 $11) 52... Be5 53. Nxh5+ Kg6 54. g4 {[%emt 0:00:06] [#]} f5 $1 {[%emt 0:00:00][%mdl 1024] Black has strong compensation.} 55. f3 $2 (55. Ng3 $17 fxg4 56. b5) 55... Rb2+ $19 56. Kf1 Rh2 57. Bd8 Bd4 $2 ({Black should play} 57... fxg4 $19 58. fxg4 Rc2) 58. Nf4+ $11 Kf7 {[%emt 0:01:30] aiming for ...Rf2+.} 59. gxf5 Bf6 {[%emt 0:00:00] White used his chance.  Weighted Error Value: White=0.31/Black=0.26 (precise)} 1/2-1/2